 Dungeon Crawl Stone Soup version 0.27.0-1-g7a089689b8 (webtiles) character file.

Game seed: 11400956295208682499

49 Brandom the Caller (level 3, -2/27 HPs)
             Began as a Merfolk Summoner on Aug 11, 2021.
             Slain by a +1 vorpal glaive (8 damage)
             ... created by the rancor of the Wu Jian Council
             ... on level 2 of the Dungeon.
             The game lasted 00:11:32 (3764 turns).

Brandom the Caller (Merfolk Summoner)               Turns: 3764, Time: 00:11:33

Health: -2/27      AC:  2    Str:  9    XL:     3   Next: 75%
Magic:  6/6        EV: 13    Int: 14    God:
Gold:   44         SH:  0    Dex: 14    Spells: 3/6 levels left

rFire    . . .     SeeInvis .   d - +0 dagger
rCold    . . .     Faith    .   (no shield)
rNeg     . . .     Spirit   .   a - +0 robe
rPois    .         Reflect  .   (no helmet)
rElec    .         Harm     .   (no cloak)
rCorr    .         Rampage  .   (no gloves)
Will     .....                  (no boots)
Stlth    +.........             (no amulet)
HPRegen  0.09/turn              (no ring)
MPRegen  0.10/turn              (no ring)

@: brilliant, silenced (expiring)
A: (nimble swimmer 2), mertail
a: no special abilities


You were on level 2 of the Dungeon.
You visited 1 branch of the dungeon, and saw 2 of its levels.

You collected 44 gold pieces.

Inventory:

Hand Weapons
 d - a +0 dagger (weapon)
   (You took it off a goblin on level 1 of the Dungeon)
Missiles
 f - 7 boomerangs
Armour
 a - a +0 robe (worn)
Scrolls
 b - 3 scrolls of teleportation {unknown}
 c - 2 scrolls of identify {unknown}


   Skills:
 + Level 1.8 Fighting
 + Level 3.6 Dodging
 - Level 2.1 Stealth
 - Level 2.0 Spellcasting
 + Level 4.5 Summonings


You had 3 spell levels left.
You knew the following spells:

 Your Spells              Type           Power      Damage    Failure   Level
a - Summon Small Mammal   Summ           84%        N/A       3%          1
b - Call Imp              Summ           21%        N/A       5%          2

Your spell library contained the following spells:

 Spells                   Type           Power      Damage    Failure   Level
 Call Canine Familiar     Summ           21%        N/A       11%         3
 Summon Guardian Golem    Hex/Summ       11%        N/A       28%         3
 Summon Lightning Spire   Summ/Air       11%        N/A       67%         4
 Animate Dead             Necr           1%         N/A       93%         4
 Haunt                    Necr/Summ      5%         N/A       100%        7
 Infestation              Necr           1%         N/A       100%        8


Dungeon Overview and Level Annotations

Branches:
Dungeon (2/15)

Altars:
Dithmenos
Wu Jian


Innate Abilities, Weirdness & Mutations

((You are quick and stealthy near water. (Stealth+, EV+, Speed+++)))
Your lower body shifts to a powerful aquatic tail in water.


Message History

The bat hits you but does no damage. x2
You barely miss the bat. The bat closely misses you.
The bat hits you but does no damage.
You closely miss the bat. The bat hits you but does no damage.
The bat misses you.
You closely miss the bat. The bat hits you. The bat barely misses you.
The bat closely misses you.
You barely miss the bat.
The bat hits you. x2; The bat closely misses you.
You hit the bat.
You kill the bat!
No target in view!
No target in view!
No target in view!
No target in view!
No target in view!
No target in view!
No target in view!
No target in view!
No target in view!
No target in view!
No target in view!
No target in view!
No target in view!
No target in view!
No target in view!
No target in view!
No target in view!
No target in view!
No target in view!
No target in view!
Sifu Lu Zhishen whispers: These will loosen your tongue! 4 dancing weapons come into view.
There is a +1 vorpal glaive.
There is a +2 broad axe of electrocution.
There is a +1 vorpal broad axe.
There is a +3 dire flail of speed.
There are monsters nearby!
Unknown command.
Magic scrolls do not work when you're silenced!
Unknown command.
It was a potion of brilliance.
You feel clever all of a sudden.
Sorry, you're not good enough to have a special ability.
Unknown command.
Unknown command.
The +3 dire flail of speed hits you!
Ouch! That really hurt!
* * * LOW HITPOINT WARNING * * *
The +1 vorpal broad axe hits you.
* * * LOW HITPOINT WARNING * * *
* * * LOW HITPOINT WARNING * * *
The +1 vorpal glaive hits you from afar!
You die...

#..........# #.
#.####..#..########.
#...#.#..#........
#.#.#.#..#.#######
#.#.#....#.#
#.#.#....#.# #.#(#
#....#.# #.#(#
#....#.# #.#@#.# #.#
#.#(#.# # #.#
###.#(#.#.# #.#
#.....#.#.# #.#
#.$.......# #.#
#.....#.#.# #.#
#.......#.# #.#
###.......#. #.#
#..........##.#


You could see 4 dancing weapons.

Vanquished Creatures
  3 ball pythons (D:1)
  3 endoplasms
  A goblin (D:1)
  A hobgoblin (D:2)
  7 jackals
  6 bats
  A frilled lizard (D:2)
  2 kobolds (D:1)
  4 rats (D:1)
28 creatures vanquished.

Vanquished Creatures (collateral kills)
  An adder (D:1)
  An endoplasm (D:1)
  3 goblins (D:1)
  2 hobgoblins (D:1)
  4 jackals (D:1)
  A ball python (D:1)
  2 rats (D:1)
14 creatures vanquished.

Vanquished Creatures (others)
  An endoplasm (D:1)
  2 ball pythons (D:1)
  A bat (D:1)
4 creatures vanquished.

Grand Total: 46 creatures vanquished

Notes
Turn   | Place    | Note
-------+----------+-------------------------------------------
     0 | D:1      | Brandom the Merfolk Summoner began the quest for the Orb.
     0 | D:1      | Reached XP level 1. HP: 13/13 MP: 3/3
   555 | D:1      | Reached XP level 2. HP: 9/20 MP: 3/5
   775 | D:1      | Reached skill level 1 in Fighting
  1830 | D:1      | Learned a level 2 spell: Call Imp
  1893 | D:1      | Reached XP level 3. HP: 18/26 MP: 6/6
  2908 | D:1      | Found a faded altar of an unknown god.
  2989 | D:1      | Became a worshipper of the Wu Jian Council
  2989 | D:1      | Reached * piety under Wu Jian
  2990 | D:1      | Fell from the grace of Wu Jian
  3039 | D:2      | Found a shadowy altar of Dithmenos.
  3762 | D:2      | Noticed a +1 vorpal glaive
  3762 | D:2      | Noticed a +2 broad axe of electrocution
  3762 | D:2      | Noticed a +1 vorpal broad axe
  3762 | D:2      | Noticed a +3 dire flail of speed
  3764 | D:2      | Slain by a +1 vorpal glaive

Illustrated notes

Levels and vault maps discovered:
D:1:      matt_arrival_los_fun, layout_basic,
          chequers_ecumenical_altar_simple_redux,
          hangedman_decor_clover_reticule, lemuel_old_faithful
D:2:      layout_basic, basic_altar

Skill      XL: |  1  2 |
---------------+-------+-----
Dodging        | 3 |  3.6
Fighting       | 1 |  1.8
Stealth        | |  2.1
Spellcasting   | |  2.0
Summonings     | |  4.5

Action                   || total
-------------------------++-------
Melee: Unarmed           ||    61
       Dagger            ||   200
 Cast: Summon Small Mamm ||    20
Invok: Renounce Religion ||     1
  Use: Potion            ||     2
 Stab: Sleeping          ||     4
Armor: Robe              ||    90
Dodge: Dodged            ||   258
